Map: [EWC] Oceanborn

Players

Classic

  • Race: Protoss Protoss
  • Spawn Location: 11:00

Clem - Winner!

  • Race: Terran Terran
  • Spawn Location: 5:00

Event: Esports World Cup 2024

VOD

Have the link to the VOD?

Description

Time

  • Played on: Aug. 14, 2024, 2:33 p.m.
  • Length: 10:42

All games in this series

Show
View Real Time Build Order
Export as new Build Order

Classic Protoss 

Build Orders: 1 Gate Expand, Blink Stalkers 

Get SALT Encoding   

  12  0:00  Probe  
  13  0:12  Probe  
  14  0:17  Pylon  
  14  0:24  Probe (Chrono Boost)  
  16  0:36  Gateway, Probe (Chrono Boost)  
  16  0:43  Probe (Chrono Boost)  
  16  0:45  Assimilator  
  17  0:51  Probe  
  18  1:03  Probe  
  19  1:15  Probe  
  20  1:23  Cybernetics Core  
  20  1:32  Nexus  
  20  1:39  Pylon  
  20  1:42  Probe  
  21  1:47  Assimilator  
  21  1:54  Probe  
  21  1:56  Adept (Chrono Boost)  
  21  2:00  Warp Gate  
  24  2:06  Probe  
  25  2:16  Twilight Council  
  25  2:20  Adept  
  27  2:24  Probe  
  28  2:36  Probe (Chrono Boost)  
  29  2:45  Probe (Chrono Boost)  
  29  2:48  Probe (Chrono Boost)  
  31  2:51  Blink (Chrono Boost)  
  31  2:54  Probe (Chrono Boost)  
  31  2:55  Probe (Chrono Boost)  
  33  2:59  Probe (Chrono Boost)  
  33  3:02  Probe  
  33  3:08  Gateway  
  33  3:10  Stalker  
  35  3:13  Probe  
  35  3:14  Probe  
  37  3:21  Robotics Facility  
  37  3:25  Probe  
  37  3:26  Probe  
  39  3:28  Shield Battery  
  39  3:37  Probe  
  39  3:38  Probe  
  39  3:41  Pylon  
  41  3:48  Stalker  
  41  3:49  Probe  
  41  3:51  Probe  
  45  4:02  Nexus  
  45  4:07  Pylon  
  45  4:08  Observer  
  46  4:13  Stalker x2  
  50  4:21  Gateway  
  48  4:37  Stalker x2  
  50  4:42  Probe x2  
  45  4:54  Probe x2  
  45  4:59  Gateway  
  44  5:02  Stalker x2  
  44  5:06  Probe (Chrono Boost)  
  49  5:11  Assimilator, Charge (Chrono Boost), Probe (Chrono Boost)  
  49  5:14  Forge  
  49  5:17  Stalker, Probe (Chrono Boost)  
  49  5:20  Probe (Chrono Boost)  
  54  5:24  Probe (Chrono Boost)  
  54  5:26  Probe (Chrono Boost)  
  54  5:27  Probe (Chrono Boost)  
  56  5:31  Stalker, Probe (Chrono Boost)  
  56  5:32  Probe (Chrono Boost)  
  56  5:33  Probe  
  61  5:39  Pylon  
  62  5:42  Probe  
  62  5:44  Probe  
  62  5:45  Probe  
  64  5:50  Protoss Ground Weapons Level 1  
  64  5:52  Stalker x2  
  64  5:55  Probe  
  63  6:06  Probe (Chrono Boost)  
  63  6:07  Probe (Chrono Boost)  
  63  6:08  Gateway  
  63  6:10  Gateway, Probe (Chrono Boost)  
  66  6:15  Zealot x2  
  66  6:17  Probe x2 (Chrono Boost)  
  69  6:22  Probe x2 (Chrono Boost)  
  69  6:23  Probe  
  72  6:25  Zealot  
  72  6:26  Zealot  
  74  6:34  Gateway  
  74  6:35  Gateway  
  74  6:39  Pylon  
  74  6:41  Sentry x2  
  74  6:44  Shield Battery  
  78  6:47  Robotics Bay  
  78  6:50  Zealot x2  
  81  7:04  Stalker x2  
  81  7:05  Zealot  
  81  7:08  Probe x3  
  88  7:13  Zealot x2  
  93  7:16  Pylon  
  93  7:18  Pylon  
  93  7:20  Pylon  
  93  7:23  Assimilator  
  93  7:28  Probe  
  93  7:29  Pylon  
  93  7:33  Observer (Chrono Boost)  
  93  7:34  Probe  
  95  7:37  Pylon  
  95  7:39  Nexus  
  95  7:43  Probe x2, Pylon  
  97  7:47  Colossus (Chrono Boost)  
  103  7:56  Probe x2  
  103  7:57  Probe  
  106  8:00  Zealot  
  106  8:03  Protoss Ground Weapons Level 2 (Chrono Boost)  
  108  8:08  Probe x2  
  108  8:09  Probe  
  111  8:16  Zealot  
  111  8:17  Zealot x2, Extended Thermal Lance  
  117  8:20  Pylon  
  117  8:21  Pylon  
  117  8:23  Shield Battery  
  117  8:30  Colossus (Chrono Boost)  
  123  8:34  Zealot x3  
  127  8:43  Zealot x3  
  127  8:47  Zealot x2  
  125  8:56  Zealot x2  
  129  9:04  Zealot x3  
  129  9:05  Zealot  
  127  9:12  Pylon  
  127  9:15  Zealot x2  
  125  9:19  Zealot x2  
  124  9:25  Zealot x4  
  114  9:36  Zealot x2  
  86  9:40  Zealot  
  86  9:42  Zealot, Colossus (Chrono Boost)  
  86  9:45  Zealot x3  
  85  9:47  Zealot  
  75  9:53  Zealot  
  75  9:55  Pylon  
  75  9:57  Zealot x2  
  81  10:07  Zealot x5  
  87  10:15  Stalker  
  87  10:17  Stalker x2  
  89  10:27  Zealot x5  
Show
View Real Time Build Order
Export as new Build Order

Clem Terran - Winner!

Build Orders: Cyclone Opening 

Get SALT Encoding   

  12  0:00  SCV  
  13  0:12  SCV  
  14  0:16  Supply Depot  
  14  0:24  SCV  
  15  0:38  SCV  
  15  0:39  Barracks  
  16  0:42  Refinery  
  16  0:50  SCV  
  17  1:02  SCV  
  18  1:14  SCV  
  19  1:26  Marine  
  19  1:27  Orbital Command  
  20  1:41  Command Center  
  20  1:44  Barracks Reactor  
  20  1:49  Supply Depot  
  20  1:52  SCV  
  21  2:05  SCV  
  21  2:06  Factory  
  22  2:11  Refinery  
  22  2:17  SCV  
  22  2:19  Marine x2  
  25  2:29  SCV  
  26  2:37  Marine x2  
  26  2:41  SCV  
  29  2:49  Cyclone  
  29  2:50  Starport  
  31  2:55  Orbital Command  
  31  2:57  Marine  
  32  2:59  SCV  
  32  3:01  Marine  
  34  3:11  SCV  
  35  3:16  Marine  
  35  3:19  Marine  
  37  3:21  Cyclone  
  37  3:24  Supply Depot  
  37  3:26  Medivac  
  41  3:28  SCV  
  41  3:29  SCV  
  41  3:34  Marine  
  43  3:37  Marine  
  43  3:40  SCV  
  46  3:43  Supply Depot  
  46  3:46  SCV  
  46  3:48  Barracks  
  47  3:52  SCV  
  47  3:54  Factory Tech Lab  
  48  3:58  SCV, Liberator  
  52  4:03  Marine  
  52  4:04  SCV  
  52  4:05  Marine  
  55  4:10  SCV  
  55  4:14  Siege Tank  
  55  4:16  SCV  
  60  4:19  Supply Depot  
  60  4:22  SCV  
  60  4:23  Marine  
  61  4:29  SCV  
  61  4:31  Marine  
  61  4:34  SCV  
  61  4:35  Marine  
  61  4:40  Marine  
  61  4:41  SCV  
  61  4:43  Barracks  
  61  4:44  Supply Depot, Starport Tech Lab  
  60  4:46  SCV  
  60  4:48  Marine  
  59  4:53  SCV  
  59  4:55  Marine  
  59  4:57  Siege Tank  
  59  4:58  SCV  
  63  5:03  Raven  
  63  5:04  Refinery, Engineering Bay  
  63  5:05  SCV  
  63  5:07  Marine  
  66  5:11  Supply Depot  
  66  5:13  Bunker  
  67  5:15  Marine  
  67  5:16  SCV  
  67  5:20  Marine  
  70  5:22  SCV  
  70  5:23  Supply Depot  
  70  5:24  Marine  
  70  5:28  SCV  
  70  5:31  Siege Tank  
  70  5:34  Marine  
  70  5:35  SCV  
  75  5:39  Supply Depot  
  75  5:40  SCV, Refinery  
  75  5:45  Marine  
  75  5:47  SCV  
  76  5:52  SCV, Marine  
  76  5:55  Stimpack  
  76  5:56  Marauder  
  80  5:59  SCV  
  80  6:03  Marine  
  80  6:04  Supply Depot, SCV  
  77  6:11  SCV  
  77  6:12  Marine  
  77  6:14  Combat Shield  
  77  6:16  SCV, Marauder  
  81  6:19  Marauder  
  81  6:20  Command Center  
  81  6:23  SCV, Factory Reactor  
  81  6:25  Starport Reactor  
  84  6:32  Marine  
  85  6:33  Barracks  
  85  6:34  Marine, Barracks  
  85  6:39  Marauder  
  88  6:43  Barracks  
  88  6:46  Barracks  
  90  6:47  Marauder  
  90  6:49  SCV  
  91  6:55  Supply Depot, SCV  
  91  6:56  Terran Infantry Weapons Level 1, Marine  
  91  7:00  Marine  
  91  7:01  Marauder  
  95  7:02  Widow Mine  
  95  7:03  Widow Mine  
  95  7:04  Medivac  
  95  7:08  Medivac  
  103  7:13  Marauder  
  105  7:17  Supply Depot  
  105  7:18  Marine  
  105  7:20  SCV  
  105  7:21  Supply Depot, Marine  
  105  7:22  Marauder  
  110  7:23  Barracks Reactor  
  110  7:24  Barracks Tech Lab  
  110  7:25  SCV  
  110  7:27  Widow Mine  
  110  7:29  Widow Mine  
  115  7:32  SCV, Marine  
  115  7:33  Marine  
  118  7:37  Marine, Marauder  
  118  7:38  SCV  
  118  7:39  Marine  
  118  7:42  Medivac  
  125  7:44  Medivac  
  125  7:48  Marauder  
  125  7:50  Marauder  
  131  7:53  Marine  
  131  7:54  Marine  
  131  7:58  Orbital Command  
  133  7:59  Marine, Marauder  
  133  8:00  Marine  
  133  8:02  Marine x2  
  133  8:05  Supply Depot  
  139  8:08  SCV x2  
  139  8:11  Widow Mine  
  139  8:12  Supply Depot  
  144  8:13  Concussive Shells, Widow Mine  
  144  8:16  Marauder  
  144  8:18  Marauder  
  144  8:19  Marine  
  149  8:26  SCV, Marine x4  
  149  8:27  Marauder  
  156  8:33  Supply Depot, Medivac  
  156  8:34  Medivac  
  158  8:35  Marine  
  158  8:37  Marauder  
  158  8:39  SCV, Marine  
  158  8:40  Marauder  
  165  8:45  SCV, Refinery x2  
  165  8:48  Supply Depot  
  165  8:50  Marine  
  165  8:51  Marine  
  171  8:55  Marauder, Widow Mine x2  
  171  8:58  Marauder  
  171  8:59  SCV x2, Marine  
  171  9:02  Marine  
  173  9:07  Marine  
  173  9:08  Marauder  
  173  9:11  Medivac x2  
  173  9:14  Marine  
  181  9:17  Marauder, Widow Mine  
  181  9:21  Marine  
  181  9:27  Supply Depot  
  181  9:28  Marine, Widow Mine  
  181  9:29  Marauder  
  181  9:30  Marauder  
  180  9:31  Marine  
  180  9:32  Barracks Tech Lab, Barracks Reactor  
  180  9:37  Marine  
  158  9:38  Marauder  
  158  9:41  Marine  
  158  9:42  Medivac x2  
  158  9:44  Widow Mine  
  148  9:46  Marine  
  148  9:49  Marine  
  148  9:50  Marauder  
  148  9:51  Marauder  
  148  9:52  Marauder  
  144  9:54  Marine  
  147  10:00  Marauder  
  147  10:01  Command Center  
  147  10:02  Marine  
  147  10:04  Marine  
  149  10:08  Marine, Widow Mine  
  149  10:11  Marauder  
  149  10:12  Marine  
  149  10:13  Marauder  
  149  10:14  Marine  
  158  10:15  Marine  
  158  10:19  Widow Mine  
  163  10:23  Marine  
  166  10:29  Ghost Academy  
  159  10:37  Armory  
  159  10:38  Engineering Bay  
Tags
 
Add a new tag
Caveats
  • Supply blocks, unpowered buildings, or Contaminate may cause inaccurate times.
  • Supply counts are checked every 10 seconds.